← All builds
Geo sea / Cortex / Economy first / OBSERVED BUILD

Standard geo sea

Cortex Geo sea build order · Supreme Isthmus

The usual Cove-side sea opening: bot lab for an early defensive bot, shipyard in the cove, then frigates, destroyers and submarines to contest the sea and defend the base.

Usually shipyard in the cove (98%)

#naval #defence · 1101 distinct matches · 105 players · 83% of Cortex Geo sea games · team won 52% of 1231 · Recently observed

HOW TO PLAY IT

Key timing: Shipyard by 3:16

  1. Grab 3 mex and open wind while laying down bot lab.
  2. Get bot lab up then push straight into shipyard.
  3. Finish shipyard, start pumping subs and frigates to contest sea.
  4. Add submarine, frigate and destroyer to hold sea lanes.
  5. Bring geo online and transition into mixed navy.

Phase by phase

TYPICAL OF ITS 1101 GAMES
  1. 1
  2. 2
  3. 3
  4. 4
PLAY THE OPENING

Follow the example game's first 6:00 step by step: what to build now, what comes next, and where it goes. At 1× it keeps pace with your own game.

  1. 1

    Up to the Bot Lab

    Economy
    • Metal Extractor3Mex
    • Wind Turbine3Wind
    Order
    1. Bot LabBot Lab after 3 mex, 3 winddone ~1:12, middle half 1:07–1:26

    Some games also: wind for allies (48%)

    By 0:55 in all: 3 mex · 3 wind

    The example game in this phase · 2 steps
    1. Mex ×3
    2. Wind ×5
  2. 2

    Bot Lab to Shipyard

    Economy
    • Metal Extractor1Mex
    • Wind Turbine2Wind
    Order
    1. ShipyardShipyard after 4 mex, 5 wind, 1 energy storagedone ~3:17, middle half 3:02–3:33
    Builders
    • Construction Bot3 Con bot
    • Graverobber2 Graverobber
    Army
    • Grunt1 Grunt

    Some games also: con turret (45%) · trasher (40%) · energy storage (33%) · wind for allies (31%)

    By 2:51 in all: 4 mex · 5 wind · 1 energy storage

    The example game in this phase · 8 steps
    1. Energy storage
    2. Wind ×2
    3. Aircraft PlantAircraft Plantdone 1:47
    4. HephaestusHeavy transport
    5. Construction AircraftCon aircraft ×3
    6. Mex
    7. Construction AircraftCon aircraft
    8. ShipyardShipyarddone 3:36 · typical 3:17
  3. 3

    Shipyard to 5:00

    Economy
    • Metal Extractor4Mex
    Order
    1. Bot LabEat Bot Lab
    Builders
    • Construction Ship1 Con ship
    Army
    • Riptide2 Frigate
    • Orca1 Submarine
    Other
    • Radar Tower1 Radar Tower

    Some games also: missile corvette (50%) · Guard (49%) · wind (48%) · destroyer (45%) · gunboat (39%)

    By 5:00 in all: 8 mex · 6 wind · 1 energy storage · 1 con turret

    The example game in this phase · 12 steps
    1. Mex
    2. SupporterGunboat ×2
    3. Mex
    4. Aircraft PlantEat Aircraft Plantreclaimed for its metal
    5. SupporterGunboat ×4
    6. Radar TowerRadar Tower
    7. SupporterGunboat ×2
    8. HerringMissile corvette
    9. Geothermal PowerplantGeodone 6:42 · typical 8:00
    10. Death CavalryDeath Cavalry
    11. Mex
    12. OppressorDestroyerdone 5:15 · typical 5:52
  4. 4

    5:00 to 10:00

    Economy
    • Metal Extractor2Mex
    • Wind Turbine8Wind
    • Energy Converter1Converter
    Builders
    • Construction Turret1 Con turret
    • Death Cavalry2 Death Cavalry
    • Construction Ship1 Con ship
    Army
    • Guard2 Guard
    • Riptide5 Frigate
    • Oppressor2 Destroyer
    Other
    • Naval Radar / Sonar Tower2 Naval Radar / Sonar Tower

    Some games also: geo (47%) · Thistle (40%) · submarine (34%)

    By 10:00 in all: 10 mex · 15 wind · 1 geo · 4 converter · 1 energy storage · 2 con turret

    The example game in this phase · 59 steps
    1. HerringMissile corvette
    2. Mex
    3. Naval Radar / Sonar TowerNaval Radar / Sonar Tower
    4. RiptideFrigate ×2done 5:49 · typical 4:37
    5. Mex
    6. RiptideFrigate
    7. Mex
    8. RiptideFrigate ×2
    9. Radar TowerRadar Tower
    10. OppressorDestroyer
    11. Construction ShipCon ship
    12. Mex
    13. Construction ShipCon ship
    14. Mex
    15. RiptideFrigate
    16. Advanced Metal ExtractorT2 mexdone 9:44 · typical 9:22
    17. RiptideFrigate
    18. JellyfishJellyfish
    19. Mex
    20. RiptideFrigate
    21. HerringMissile corvette
    22. Mex
    23. OppressorDestroyer
    24. Advanced Metal ExtractorT2 mex
    25. Death CavalryDeath Cavalry
    26. Mex
    27. Naval Radar / Sonar TowerNaval Radar / Sonar Tower
    28. Construction ShipCon ship
    29. RiptideFrigate
    30. HerringMissile corvette
    31. OppressorDestroyer
    32. Advanced Metal ExtractorT2 mex
    33. Mex
    34. OppressorDestroyer
    35. GuardGuard ×2
    36. OppressorDestroyer
    37. Mex
    38. Radar TowerRadar Tower
    39. Naval Construction Turret ×2
    40. Radar TowerRadar Tower
    41. Naval Construction Turret
    42. Construction ShipCon ship
    43. Advanced ShipyardAdvanced Shipyarddone 13:01
    44. Mex
    45. Construction ShipCon ship
    46. Advanced Metal ExtractorT2 mex
    47. Advanced Construction SubAdvanced Construction Sub
    48. PathfinderPathfinder ×3
    49. Tidal
    50. PhantasmRadar jammer ship
    51. Naval Radar / Sonar TowerNaval Radar / Sonar Tower
    52. Tidal ×7
    53. Naval Advanced Metal ExtractorNaval Advanced Metal Extractordone 14:45
    54. Tidal
    55. Advanced Metal ExtractorT2 mex
    56. Tidal
    57. DespotBattleshipnot finished by 15:00
    58. Tidal ×5
    59. Naval Advanced Metal ExtractorNaval Advanced Metal Extractor

Counts are medians over the build's games: half of them build more, half fewer. The example game is Adeus's (38 OS, 09/10/2026); pick another.

Team trades

IN AT LEAST 30% OF ITS GAMES

You hand over

  • Wind Turbine2 Wind to Airfirst at 1:48 · in 69% of games

You get

  • Finch1 Finch from Airfirst at 1:51 · in 83% of games
  • Hercules1 Light transport from Airfirst at 2:00 · in 74% of games
  • Advanced Construction Bot1 T2 con bot from Techfirst at 7:44 · in 89% of games

How it plays out

Typical game of this build, running totals by minute

Metal produced

010k20k30k
0:005:0010:0015:00

metal

Enemy metal destroyed

05k10k
0:005:0010:0015:00

metal

Own metal lost

02.5k5k7.5k
0:005:0010:0015:00

metal

1231 games.

Show as table
ByMetal produced: This buildEnemy metal destroyed: This buildOwn metal lost: This build
1:0039700
2:0092800
3:00156600
4:002894051
5:00410315052
6:005454465231
7:006936931545
8:0086071586891
9:001047524951344
10:001263736252026
11:001520048242823
12:001811162243694
13:002141373644421
14:002501686615334
15:002887297726351
WHAT THE NUMBERS SAY

Matches the role's own norm almost exactly, sitting at the typical 52% team win rate for Geo sea.

  • + Reliable timing: bot lab by 1:12 and shipyard by 3:16 in the middle half of games.
  • − Own metal lost climbs to 6854 by 15:00, showing sea fights stay costly.
THE EXAMPLE YOU ARE READING

Adeus

37.7 OS · 09/10/2026

Open source match ↗

5 received units · includes a constructor
107 metal received · 27288 energy received

Allied construction assistance is unknown. Timings are observations, not a promise of solo reproducibility.

Typical milestones

Bot Lab1:12Middle 50%: 1:07–1:26 · n=1210
Shipyard3:17Middle 50%: 3:02–3:33 · n=1223
Orca4:17Middle 50%: 3:51–4:59 · n=848
Riptide4:37Middle 50%: 4:08–5:21 · n=1196
Oppressor5:52Middle 50%: 5:08–6:36 · n=1118
Geothermal Powerplant8:00Middle 50%: 7:02–9:04 · n=732
Advanced Metal Extractor9:22Middle 50%: 8:45–10:10 · n=1064

Played most by

sirniho125games of this buildSHOGVN100games of this buildOptimusprimenutt86games of this buildPRO_Rerory52games of this buildTheSituation43games of this build